 Dungeon Crawl Stone Soup version 0.30.0-29-ga12c61a403 (webtiles) character file.

Game seed: 13863436769542856950

135 Renatus the Slasher (level 5, -3/42 HPs)
             Began as a Human Berserker on June 24, 2023.
             Was a Believer of Trog.
             Slain by a black bear (5 damage)
             ... on level 3 of the Dungeon.
             The game lasted 00:13:28 (1992 turns).

Renatus the Slasher (Human Berserker)               Turns: 1992, Time: 00:13:29

Health: -3/42      AC:  9    Str: 19    XL:     5   Next: 42%
Magic:  5/5        EV: 13    Int:  7    God:    Trog [**....]
Gold:   126        SH:  0    Dex: 13    Spells: 4/4 levels left

rFire   . . .        a - +1 falchion
rCold   . . .        (no shield)
rNeg    + + .        g - +2 robe {rN+}
rPois   .            (no helmet)
rElec   .            (no cloak)
rCorr   .            (no gloves)
SInv    .            i - +0 pair of boots
Will    .....        (no amulet)
Stlth   +            f - ring of positive energy
HPRegen 0.27/turn    h - +4 ring of protection
MPRegen 0.09/turn

%: no passive effects
@: no status effects
A: no striking features
a: Renounce Religion, Berserk, Trog's Hand


You were on level 3 of the Dungeon.
You worshipped Trog.
Trog was pleased with you.
You visited 1 branch of the dungeon, and saw 3 of its levels.

You collected 126 gold pieces.

Inventory:

Hand Weapons
 a - a +1 falchion (weapon)
 l - a +0 hand axe
Missiles
 d - 2 throwing nets (quivered)
Armour
 b - a +0 animal skin
 c - a +0 chain mail
 g - a +2 robe of positive energy (worn)
 i - a +0 pair of boots (worn)
 j - an orb of wrath
 k - a +0 scale mail
Jewellery
 e - a ring of see invisible
 f - a ring of positive energy (left hand)
 h - a +4 ring of protection (right hand)
Scrolls
 r - a scroll of fear {unknown}
 t - a scroll of brand weapon {unknown}
Potions
 m - a potion of brilliance {unknown}
 p - a potion of might
 q - a potion of mutation {unknown}
 s - 2 potions of curing {unknown}


   Skills:
 + Level 3.7 Fighting
 + Level 4.1 Long Blades
 + Level 2.5 Armour
 + Level 3.1 Dodging
 + Level 0.6 Stealth


You had 4 spell levels left.
You didn't know any spells.
Your spell library contained the following spells:

 Spells                   Type           Power      Damage    Failure   Level
 Freeze                   Ice            0%         1d3       43%         1
 Static Discharge         Conj/Air       0%         2-2/arc   56%         2
 Frozen Ramparts          Ice            0%         1d1       80%         3
 Hailstorm                Conj/Ice       0%         3d3       80%         3
 Airstrike                Air            0%         2d(0-16)  99%         4
 Ice Form                 Ice/Tmut       0%         N/A       99%         4
 Summon Lightning Spire   Summ/Air       0%         N/A       99%         4
 Simulacrum               Ice/Necr       0%         N/A       100%        6


Dungeon Overview and Level Annotations

Branches:
Dungeon (3/15)

Altars:


Message History

The black bear claws you but does no damage. x2
You slash the black bear!
The black bear is almost dead.
The bat hits you but does no damage. The goblin completely misses you.
The black bear bites you.
The black bear claws you but does no damage.
The black bear barely misses you. x2; The black bear closely misses you.
The black bear barely misses you. The goblin misses you.
The bat closely misses you. The goblin attacks as you move away!
The goblin hits you but does no damage. The bat closely misses you.
The black bear goes berserk!
The bat misses you. The bat attacks as you move away!
The bat closely misses you. The bat barely misses you.
The black bear bites you!
* * * LOW HITPOINT WARNING * * *
The black bear claws you but does no damage. x2
The bat hits you but does no damage. The bat hits you but does no damage.
The goblin attacks as you move away! The goblin misses you.
The bat barely misses you. The bat hits you but does no damage.
The bat closely misses you. The black bear completely misses you.
The black bear claws you.
* * * LOW HITPOINT WARNING * * *
The black bear barely misses you.
The black bear attacks as you move away!
The black bear barely misses you.
The black bear claws you but does no damage.
The black bear barely misses you. The bat misses you.
The black bear attacks as you move away!
The black bear barely misses you. x2; The black bear claws you.
* * * LOW HITPOINT WARNING * * *
The bat hits you but does no damage.
The black bear rages.
The black bear bites you.
* * * LOW HITPOINT WARNING * * *
The black bear claws you.
* * * LOW HITPOINT WARNING * * *
The black bear claws you.
You die...

. +......?...?#
..##..........#
..............#....#.#
####....#.#...+....#.#
#.......#.#...#....#.#
.......g#.+...#....#.#
........#.#...##.....# ##.
......hb#.#..........# . ..
..."...@#.#####.(...##.. .
........#...†...........
........###########'#### . #
..##..... ..............
###.#.###. #.....
.............. ......#.#
####.#########.....##
........#+#####.#
#####.†.#...
.....##.......#.#
#.......###.
#...........#.#####.......##
#


You could see a black bear (berserk), a goblin and a bat.

Vanquished Creatures
  8 adders
  2 dart slugs (D:2)
  An orc (D:3)
  7 ball pythons
  2 endoplasms
  2 giant cockroaches (D:1)
  3 goblins
  9 hobgoblins
  3 jackals (D:3)
  6 kobolds
  4 quokkas
  4 bats
  2 frilled lizards (D:1)
  5 rats
58 creatures vanquished.

Notes
Turn   | Place    | Note
-------+----------+-------------------------------------------
     0 | D:1      | Renatus the Human Berserker began the quest for the Orb.
     0 | D:1      | Reached XP level 1. HP: 18/18 MP: 1/1
   135 | D:1      | Reached XP level 2. HP: 22/24 MP: 2/2
   454 | D:1      | Reached XP level 3. HP: 27/29 MP: 3/3
   464 | D:1      | Reached ** piety under Trog
   921 | D:2      | Reached XP level 4. HP: 25/35 MP: 4/4
  1579 | D:2      | Reached XP level 5. HP: 42/42 MP: 5/5
  1826 | D:3      | Reached skill level 4 in Long Blades
  1972 | D:3      | Noticed a black bear
  1992 | D:3      | HP: 2/42 [black bear (4)]
  1992 | D:3      | Slain by a black bear

Illustrated notes

Levels and vault maps discovered:
D:1:      shiori_arrival_maze, layout_basic, palyth_stone_intersect, st_stairs_4
D:2:      layout_loops_ring
D:3:      layout_basic, kennysheep_nondescript

Skill      XL: |  1  2  3  4  5 |
---------------+----------------+-----
Long Blades    | 4 |  4.1
Dodging        | 3 |  3.1
Fighting       | |  3.7
Armour         | |  2.5
Stealth        | |  0.6

Action                     |  1- 3 |  4- 6 || total
---------------------------+-------+-------++-------
  Melee: Falchion          |   139 |   119 ||   258
         Punch             |     3 |     1 ||     4
    Use: Scroll            |     2 |     3 ||     5
   Stab: Sleeping          |       |     2 ||     2
 Armour: Chain mail        |    89 |       ||    89
         Robe              |    39 |    88 ||   127
  Dodge: Dodged            |   133 |   149 ||   282
